 Dungeon Crawl Stone Soup version 0.31.0-11-ge490571c62 (webtiles) character file.

Game seed: 12203263018038075289

100 qw the Shooter (level 4, -1/25 HPs)
             Began as a Deep Elf Hunter on Feb 4, 2024.
             Asphyxiated
             ... on level 6 of the Dungeon.
             The game lasted 00:00:12 (2962 turns).

qw the Shooter (Deep Elf Hunter)                    Turns: 2962, Time: 00:00:12

Health: -1/25      AC:  7    Str:  8    XL:     4   Next: 46%
Magic:  6/6        EV: 10    Int: 14    God:
Gold:   156        SH:  0    Dex: 18    Spells: 3/3 levels left

rFire   + . .        a - +1 shortbow
rCold   . . .        (shield currently unavailable)
rNeg    + . .        d - +0 ring mail
rPois   .            c - +0 helmet
rElec   .            g - +0 cloak
rCorr   .            (no gloves)
SInv    .            (no boots)
Will    .....        (no amulet)
Stlth   +            o - ring of positive energy
HPRegen 0.24/turn    (no ring)
MPRegen 0.10/turn

%: no passive effects
@: lethally poisoned (-1 -> -24), hasted and slowed
A: fire resistance 1, weak 1
a: no special abilities


You were on level 6 of the Dungeon.
You visited 1 branch of the dungeon, and saw 5 of its levels.

You collected 205 gold pieces.
You spent 49 gold pieces at shops.


Innate Abilities, Weirdness & Mutations

Your flesh is heat resistant. (rF+)
You are weak. (Str -2)


   Skills:
 - Level 1.5 Fighting
 + Level 7.9 Ranged Weapons
 - Level 2.4 Dodging
 - Level 1.2 Stealth


You had 3 spell levels left.
You didn't know any spells.
Your spell library was empty.

Inventory:

Hand Weapons
 a - a +1 shortbow (weapon)
Armour
 c - a +0 helmet (worn)
 d - a +0 ring mail (worn)
 g - a +0 cloak (worn)
 p - a +2 leather armour of willpower
Jewellery
 o - a ring of positive energy (left hand)
Wands
 k - a wand of flame (7)
Scrolls
 e - a scroll of teleportation
 i - a scroll of identify
 j - a scroll of poison {unknown}
Potions
 b - 3 potions of curing
 f - 2 potions of haste
 h - a potion of invisibility {unknown}
 l - a potion of attraction {unknown}
 m - a potion of magic {unknown}
 n - a potion of enlightenment {unknown}

Dungeon Overview and Level Annotations

Branches:
Dungeon (6/15)
 Temple: D:4-7

Altars:

Shops:
D:2 (([*

Annotations:
D:3 2 transporters, qw's ghost, amateur SpHu


Message History

A kobold comes into view. It is wielding a +0 short sword.
You shoot an arrow. The arrow hits the kobold!
You kill the kobold!
A kobold comes into view. It is wielding a +0 dagger.
The kobold shouts!
The kobold throws a stone.
The stone hits you but does no damage.
You shoot an arrow. The arrow closely misses the kobold.
You shoot an arrow. The arrow closely misses the kobold.
The kobold throws a stone.
The stone hits you but does no damage.
You shoot an arrow. The arrow misses the kobold.
A kobold comes into view. It is wielding a +0 club.
The kobold throws a stone.
The stone hits you but does no damage.
You shoot an arrow. The kobold shouts!
The arrow hits the kobold but does no damage.
You hear a shout! x2
You shoot an arrow. The arrow closely misses the kobold.
The kobold throws a stone.
The stone hits you.
You shoot an arrow. The arrow hits the kobold.
You kill the kobold!
A kobold comes into view. It is wielding a +0 whip.
You shoot an arrow. The arrow hits the kobold.
You kill the kobold!
A kobold brigand comes into view.
It is wielding a +0 whip and quivering curare-tipped darts.
You shoot an arrow. The arrow closely misses the kobold.
The kobold brigand shouts!
The kobold brigand throws a curare-tipped dart.
The curare-tipped dart hits you.
You are poisoned.
You have difficulty breathing.
You feel yourself slow down.
2961 ||| DRINKING 3 potions of haste.
You feel yourself speed up.
You feel very sick.
You shoot an arrow. The arrow hits the kobold.
The kobold is heavily wounded.
You feel very sick.
The kobold brigand throws a curare-tipped dart.
The curare-tipped dart hits you.
You are more poisoned.
You have difficulty breathing.
You die...

#. ### #.#
#.########.######.#
#.................#
#..####...........#
#...# #.##.########
##...###.##.#
............###
##...##.......#######...
#...##.........@.K...#
#...##...............#
#...##.............)K#
...........>.........).
......##..#..........###
..........#..........#
##....###.#..........#
...........#


You could see a kobold brigand and a kobold.

Vanquished Creatures
  An adder (D:4)
  A dart slug (D:3)
  An orc (D:4)
  8 endoplasms
  5 giant cockroaches
  10 goblins
  5 hobgoblins
  8 jackals
  12 kobolds
  3 quokkas (D:1)
  6 ball pythons
  5 bats
  4 frilled lizards
  7 rats
76 creatures vanquished.

Notes
Turn   | Place    | Note
-------+----------+-------------------------------------------
     0 | D:1      | qw the Deep Elf Hunter began the quest for the Orb.
     0 | D:1      | Reached XP level 1. HP: 12/12 MP: 3/3
     0 | D:1      | 0 ||| qw: Version: 0.3-a-160-g6735b56
     0 | D:1      | 0 ||| qw: Game counter: 5423
     0 | D:1      | 0 ||| qw: Melee chars always use a shield: true
     0 | D:1      | 0 ||| qw: God list: Okawaru
     0 | D:1      | 0 ||| qw: Allow faded altars: false
     0 | D:1      | 0 ||| qw: Do Orc after clearing Dungeon:15 true
     0 | D:1      | 0 ||| qw: Do second Lair branch before Depths: true
     0 | D:1      | 0 ||| qw: Lair rune preference: random
     0 | D:1      | 0 ||| qw: Goals: Normal
     0 | D:1      | 0 ||| PLANNING D:1-11
   144 | D:1      | Reached XP level 2. HP: 16/16 MP: 4/4
   147 | D:1      | Reached skill level 6 in Ranged Weapons
   447 | D:1      | 447 ||| RETREEEEATING.
   448 | D:1      | 448 ||| RETREEEEATING.
   451 | D:1      | 451 ||| RETREEEEATING.
   452 | D:1      | 452 ||| RETREEEEATING.
   458 | D:1      | Reached XP level 3. HP: 19/20 MP: 5/5
   702 | D:1      | 702 ||| UPGRADING to +0 ring mail.
   712 | D:1      | 712 ||| DROPPING +0 leather armour.
   713 | D:1      | 713 ||| READING 2 scrolls labelled USULEW PAYDDEIC.
   716 | D:1      | 716 ||| READING scroll labelled GAETUE UHUJ.
   717 | D:1      | 717 ||| READING scroll labelled BUROMUBUFO.
   718 | D:1      | 718 ||| READING 3 scrolls labelled ITWO JORRIHO.
   718 | D:1      | 718 ||| IDENTIFYING scroll labelled CUZOZU RAERU
   719 | D:1      | 719 ||| DROPPING scroll of butterflies.
   720 | D:1      | 720 ||| DROPPING scroll of torment.
   745 | D:2      | Found Umyl's General Store.
   746 | D:2      | 746 ||| STAIRDANCE
   793 | D:2      | 793 ||| SHOPLISTING 2 potions of cancellation (208 gold,
                  | have 42).
   858 | D:2      | Found Juikaz's Armour Shoppe.
   866 | D:2      | 866 ||| BUYING +0 helmet (49 gold).
   866 | D:2      | Bought a +0 helmet for 49 gold pieces
   866 | D:2      | 866 ||| SHOPLISTING +0 pair of boots (49 gold, have 6).
   866 | D:2      | 866 ||| SHOPLISTING +2 ring mail of fire resistance (231
                  | gold, have 6).
   878 | D:2      | Reached skill level 7 in Ranged Weapons
   896 | D:2      | 896 ||| UPGRADING to +0 helmet.
  1037 | D:2      | 1037 ||| UPGRADING to +0 cloak.
  1215 | D:2      | Found Qeprary's Weapon Emporium.
  1220 | D:2      | 1220 ||| SHOPLISTING +3 triple crossbow of electrocution
                  | (588 gold, have 57).
  1235 | D:2      | Found Vuips's Weapon Boutique.
  1243 | D:2      | 1243 ||| SHOPLISTING +3 sling of freezing (275 gold, have
                  | 57).
  1440 | D:2      | 1440 ||| READING 3 scrolls of identify.
  1440 | D:2      | 1440 ||| IDENTIFYING coppery potion
  1441 | D:2      | 1441 ||| READING 2 scrolls of identify.
  1441 | D:2      | 1441 ||| IDENTIFYING lumpy emerald potion
  1442 | D:2      | 1442 ||| READING scroll of identify.
  1442 | D:2      | 1442 ||| IDENTIFYING 3 bubbling inky potions
  1443 | D:2      | 1443 ||| READING scroll labelled HOUPRUNY ZUET.
  1444 | D:2      | 1444 ||| DROPPING potion of ambrosia.
  1504 | D:3      | Reached XP level 4. HP: 21/25 MP: 6/6
  1650 | D:3      | Found a transporter.
  1651 | D:3      | Noticed qw's ghost (amateur SpHu)
  1651 | D:3      | Noticed an ogre
  1973 | D:3      | Noticed an ogre
  1974 | D:3      | Identified the +2 dire flail of Caustic Guile {freeze, rC++
                  | SInv}
  1974 | D:3      | Noticed an ogre
  1977 | D:3      | Found a transporter.
  2127 | D:3      | 2127 ||| UPGRADING to ring of positive energy.
  2128 | D:3      | 2128 ||| READING scroll labelled UMOVVAE BEGYARGH.
  2229 | D:3      | 2229 ||| READING scroll labelled NALESKERIR.
  2229 | D:3      | 2229 ||| ENCHANTING +0 shortbow.
  2230 | D:3      | 2230 ||| READING scroll labelled MANUZAOMPO.
  2231 | D:3      | 2231 ||| DRINKING 2 fuming puce potions.
  2231 | D:3      | Gained mutation: You are frail. (-10% HP) [potion of
                  | mutation]
  2231 | D:3      | Gained mutation: You are partially covered in iridescent
                  | scales. (AC +2) [potion of mutation]
  2231 | D:3      | Gained mutation: Potions are less effective at restoring
                  | your health. [potion of mutation]
  2232 | D:3      | 2232 ||| DRINKING potion of mutation.
  2232 | D:3      | Lost mutation: You are partially covered in iridescent
                  | scales. (AC +2) [potion of mutation]
  2232 | D:3      | Lost mutation: Potions are less effective at restoring your
                  | health. [potion of mutation]
  2232 | D:3      | Lost mutation: You are frail. (-10% HP) [potion of
                  | mutation]
  2232 | D:3      | Gained mutation: Your flesh is heat resistant. (rF+)
                  | [potion of mutation]
  2232 | D:3      | Gained mutation: You are weak. (Str -2) [potion of
                  | mutation]
  2916 | D:4      | You fall into a shaft and drop 2 floors!
  2959 | D:6      | Noticed a kobold brigand
  2961 | D:6      | 2961 ||| DRINKING 3 potions of haste.
  2962 | D:6      | Asphyxiated

Levels and vault maps discovered:
D:1:      ldierk_walled_garden, layout_loops_ring
D:2:      layout_loops_ring, serial_shops, shop_statue, nicolae_shop_waterfront,
          nicolae_shop_rolling_square, nicolae_shop_tiny_statue_garden,
          hangedman_feature_mirror, minmay_tromino_mix6
D:3:      layout_basic, gammafunk_ghost_smash, columned_hall_lemuel
D:4:      layout_cave_pods, hangedman_decor_opposing
D:6:      layout_basic, ebering_ghost_disaster_area, kennysheep_generic_room_16

Skill      XL: |  1  2  3 |
---------------+----------+-----
Ranged Weapons | 6 7 |  7.9
Fighting       | |  1.5
Dodging        | |  2.4
Stealth        | |  1.2

Action                     |  1- 3 |  4- 6 || total
---------------------------+-------+-------++-------
   Fire: Shortbow          |   143 |    53 ||   196
    Use: Scroll            |     8 |     3 ||    11
         Potion            |       |     3 ||     3
 Armour: Leather armour    |    17 |       ||    17
         Ring mail         |    17 |     6 ||    23
  Dodge: Dodged            |    31 |     1 ||    32

Table legend:
 A = Non-vault XP
 B = Vault XP
 C = Vault XP percentage of total XP
 D = Non-vault monster count
 E = Vault monster count
 F = Vault count percentage of total count
                 A         B        C        D         E       F
            +---------+---------+-------+---------+---------+-------
      Total |     136 |       7 |   4.9 |      72 |       4 |   5.3
            +---------+---------+-------+---------+---------+-------
        D:1 |      56 |       0 |   0.0 |      33 |       0 |   0.0
        D:2 |      28 |       7 |  20.0 |      17 |       4 |  19.0
        D:3 |      24 |       0 |   0.0 |      13 |       0 |   0.0
        D:4 |      24 |       0 |   0.0 |       6 |       0 |   0.0
        D:6 |       4 |       0 |   0.0 |       3 |       0 |   0.0
            +---------+---------+-------+---------+---------+-------
